 Seeded DCSS version 0.28-a0-723-g095bd1b44f (webtiles) character file.

Game seed: 20211026 (custom seed)

1201 a11behringer the Cudgeller (level 8, -1/48 HPs)
             Began as a Gargoyle Berserker on Oct 26, 2021.
             Was a Believer of Trog.
             Slain by a wyvern skeleton (2 damage)
             ... on level 5 of the Dungeon.
             The game lasted 00:16:23 (5384 turns).

a11behringer the Cudgeller (Gargoyle Berserker)     Turns: 5384, Time: 00:16:25

Health: -1/48      AC: 14    Str: 24    XL:     8   Next: 44%
Magic:  8/8        EV:  8    Int:  7    God:    Trog [**....]
Gold:   207        SH:  0    Dex:  9    Spells: 7/7 levels left

rFire   . . .      SeeInvis .   a - +0 mace
rCold   . . .      Faith    .   (no shield)
rNeg    + . .      Spirit   .   i - +0 chain mail
rPois   ∞          Reflect  .   r - +0 helmet
rElec   +          Harm     .   (no cloak)
rCorr   .          Rampage  .   (no gloves)
Will    ++...                   s - +0 pair of boots
Stlth   ..........              (no amulet)
HPRegen 1.16/turn               (no ring)
MPRegen 0.11/turn               (no ring)

@: strong-willed, corroded, regenerating
A: sickness immunity, AC +5, negative energy resistance 1, electricity
resistance, torment resistance 1, petrification resistance
a: Renounce Religion, Berserk, Trog's Hand


You were on level 5 of the Dungeon.
You worshipped Trog.
Trog was pleased with you.
You visited 1 branch of the dungeon, and saw 5 of its levels.

You collected 207 gold pieces.

Inventory:

Hand Weapons
 a - a +0 mace (weapon)
 u - a +0 hand crossbow
 y - a +0 shortbow
Missiles
 m - 103 arrows
 v - 16 bolts
Armour
 b - a +0 animal skin
 f - a +0 leather armour
 i - a +0 chain mail (worn)
 r - a +0 helmet (worn)
 s - a +0 pair of boots (worn)
Wands
 w - a wand of acid (9)
Scrolls
 c - 2 scrolls of enchant armour {unknown}
 h - 3 scrolls of amnesia {unknown}
 j - 2 scrolls of identify {unknown}
 k - a scroll of noise {unknown}
 n - 2 scrolls of teleportation {unknown}
 o - 2 scrolls of vulnerability {unknown}
 q - a scroll of enchant weapon {unknown}
 x - 2 scrolls of blinking {unknown}
 A - a scroll of magic mapping {unknown}
Potions
 d - 3 potions of curing {unknown}
 e - 3 potions of lignification {unknown}
 g - 2 potions of ambrosia {unknown}
 l - 2 potions of magic {unknown}
 p - a potion of flight {unknown}
 t - 3 potions of haste {unknown}
 z - 2 potions of heal wounds {unknown}


   Skills:
 + Level 4.7 Fighting
 * Level 7.9 Maces & Flails
 * Level 6.5 Armour
 - Level 2.0 Dodging


You had 7 spell levels left.
You didn't know any spells.
Your spell library was empty.

Dungeon Overview and Level Annotations

Branches:
Dungeon (5/15)
 Temple: D:4-7

Altars:

Shops:
D:3 *   D:4 =


Innate Abilities, Weirdness & Mutations

You are immune to sickness and miasma.
Your stone body is resilient. (AC +5)
You are immune to poison.
You resist negative energy. (rN+)
You are resistant to electric shocks. (rElec)
You are resistant to unholy torment.
You are immune to petrification.


Message History

You kill the jelly!
Trog accepts your kill. The killer bee closely misses you.
The killer bee stings you but does no damage. x2
The killer bee barely misses you. The wyvern skeleton bites you.
Your chain mail prevents you from hitting the wyvern skeleton.
The wyvern skeleton is moderately damaged.
The killer bee stings you.
The killer bee stings you but does no damage.
The wyvern skeleton bites you.
* * * LOW HITPOINT WARNING * * *
The killer bee stings you.
* * * LOW HITPOINT WARNING * * *
The killer bee closely misses you.
Your skin crawls.
You feel strong-willed.
The killer bee stings you but does no damage. x2
The wyvern skeleton bites you but does no damage.
The killer bee stings you but does no damage. x2
The killer bee stings you.
* * * LOW HITPOINT WARNING * * *
The killer bee stings you.
* * * LOW HITPOINT WARNING * * *
The killer bee completely misses you. The killer bee barely misses you.
The killer bee stings you but does no damage.
There is an open door here.
You hit the killer bee.
The killer bee is moderately wounded.
The killer bee stings you.
* * * LOW HITPOINT WARNING * * *
The killer bee stings you but does no damage. x2
The killer bee barely misses you.
You closely miss the killer bee.
The killer bee is moderately wounded.
The killer bee stings you.
* * * LOW HITPOINT WARNING * * *
The killer bee stings you but does no damage.
The killer bee closely misses you. The killer bee completely misses you.
The wyvern skeleton bites you.
You die...

......#+##....
###.....########
###.....<#....#####'#####
#......#..............#
#......#..............#
#......#..............#
#......#..............#
#......###....#########.
##.......#....#Z........
#.......#....@y........
#.......#....#y.......#
#.......+....#.†......#
#.......#....#........#
#.......#....#........#
#.......#....#........#
#.......#....#.........
#..†....#....+.........
#.......######.........


You could see 2 killer bees and a wyvern skeleton.

Vanquished Creatures
  The ghost of cheechan the Chopper, a novice NaCK of Xom (D:4)
  Prince Ribbit (D:5)
  A centaur (D:5)
  A phantom (D:4)
  A scorpion (D:5)
  2 killer bees (D:5)
  2 hounds (D:4)
  A jelly (D:5)
  2 iguanas (D:5)
  Natasha (thrice) (D:2)
  A hound skeleton (D:4)
  6 adders
  An ufetubus (D:5)
  An adder skeleton (D:4)
  2 worms
  4 dart slugs
  6 orcs
  6 bats
  5 endoplasms
  5 giant cockroaches
  6 goblins
  8 hobgoblins
  9 jackals
  4 kobolds
  4 quokkas
  3 ball pythons
  6 rats
92 creatures vanquished.

Notes
Turn   | Place    | Note
-------+----------+-------------------------------------------
     0 | D:1      | a11behringer the Gargoyle Berserker began the quest for the
                  | Orb.
     0 | D:1      | Reached XP level 1. HP: 14/14 MP: 1/1
   115 | D:1      | Reached XP level 2. HP: 13/19 MP: 2/2
   238 | D:1      | Found a faded altar of an unknown god.
   785 | D:1      | Reached XP level 3. HP: 3/23 MP: 3/3
   788 | D:1      | HP: 1/23 [jackal (2)]
  1097 | D:2      | Reached ** piety under Trog
  1243 | D:2      | Noticed Natasha
  1253 | D:2      | Killed Natasha
  1254 | D:2      | Reached skill level 4 in Maces & Flails
  1254 | D:2      | Reached XP level 4. HP: 24/29 MP: 4/4
  1544 | D:2      | Noticed Natasha
  1555 | D:2      | Killed Natasha
  1685 | D:2      | Reached XP level 5. HP: 30/33 MP: 5/5
  1826 | D:2      | Noticed Natasha
  1837 | D:2      | Killed Natasha
  2299 | D:3      | Found Wakeuvin's Assorted Antiques.
  3166 | D:4      | Found a runed translucent door.
  3167 | D:4      | Noticed cheechan's ghost (novice NaCK)
  3229 | D:4      | Reached skill level 5 in Maces & Flails
  3356 | D:4      | Found Seistoq's Jewellery Shoppe.
  3534 | D:4      | Reached XP level 6. HP: 32/38 MP: 6/6
  4011 | D:4      | Reached *** piety under Trog
  4529 | D:4      | Killed cheechan's ghost
  4530 | D:4      | Reached skill level 6 in Maces & Flails
  4530 | D:4      | Reached skill level 5 in Armour
  4530 | D:4      | Reached XP level 7. HP: 44/44 MP: 7/7
  4586 | D:5      | Entered Level 5 of the Dungeon
  4827 | D:5      | Reached skill level 7 in Maces & Flails
  4855 | D:5      | Reached XP level 8. HP: 41/48 MP: 8/8
  5060 | D:5      | Noticed Prince Ribbit
  5111 | D:5      | Killed Prince Ribbit
  5383 | D:5      | HP: 2/48 [killer bee (3)]
  5384 | D:5      | Slain by a wyvern skeleton

Illustrated notes

Levels and vault maps discovered:
D:1:      tarquinn_simple_flora_water_f, layout_basic,
          chequers_ecumenical_altar_lobes
D:2:      layout_rooms, grunt_decor_mini_mirrors, uniq_natasha
D:3:      layout_basic, serial_shops, nicolae_shop_waterfront,
          corexii_hall_statues_t
D:4:      minmay_angry_zag, layout_layer_cave, ebering_ghost_sewer_d,
          serial_shops, kennysheep_little_box
D:5:      layout_gridville, uniq_sigmund, uniq_duvessa, uniq_prince_ribbit1

Skill      XL: |  1  2  3  4  5  6  7  8 |
---------------+-------------------------+-----
Maces & Flails | 4 5 6 7 |  7.9
Armour         | 3 5 6 |  6.5
Dodging        | 2 |  2.0
Fighting       | 4 |  4.7

Action                   |  1- 3 |  4- 6 |  7- 9 || total
-------------------------+-------+-------+-------++-------
Melee: Mace              |    81 |   276 |    75 ||   432
Invok: Berserk           |     2 |     1 |     1 ||     4
       Trog's Hand       |       |     1 |     4 ||     5
Armor: Leather armour    |     7 |       |       ||     7
       Chain mail        |    84 |   179 |    92 ||   355
Dodge: Dodged            |    58 |   134 |    54 ||   246

Table legend: (Time is in decaauts)
 A = Elapsed time spent in this place.
 B = Non-inter-level travel time spent in this place.
 C = Inter-level travel time spent in this place.
 D = Time resting spent in this place.
 E = Time spent auto-exploring this place.
 F = Levels seen in this place.
 G = Mean time per level.
                   A        B        C        D        E       F      G
               +--------+--------+--------+--------+--------+-----+--------+
         Total |   5498 |   4897 |    601 |      0 |   3973 |   5 | 1099.6 |
       Dungeon |   5498 |   4897 |    601 |      0 |   3973 |   5 | 1099.6 |
               +--------+--------+--------+--------+--------+-----+--------+

Top non-repeatable levels by time:
     D:4: 1542 daAuts
     D:1: 1084 daAuts
     D:2: 1054 daAuts
     D:3: 1004 daAuts
     D:5: 813 daAuts
